 Dungeon Crawl Stone Soup version 0.25-a0-713-g4845790874 (webtiles) character file.

Game seed: 17960055684382503444, levelgen mode: deterministic

9 vurker the Gusty (level 2, 0/12 HPs)
             Began as a Felid Air Elementalist on Apr 5, 2020.
             Slain by a jackal (3 damage)
             ... on level 1 of the Dungeon.
             The game lasted 00:01:13 (272 turns).

vurker the Gusty (Felid Air Elementalist)            Turns: 272, Time: 00:01:14

Health: 0/12       AC:  1    Str:  4    XL:     2   Next: 6%
Magic:  0/6        EV: 18    Int: 16    God:
Gold:   0          SH:  0    Dex: 16    Spells: 4/5 levels left
                                        Lives:  0   Deaths: 0

rFire    . . .     SeeInvis +   (weapon unavailable)
rCold    . . .     Gourm    .   (shield unavailable)
rNeg     . . .     Faith    .   (armour unavailable)
rPois    .         Spirit   .   (helmet unavailable)
rElec    .         Reflect  .   (cloak unavailable)
rCorr    .         Harm     .   (gloves unavailable)
MR       .....                  (boots unavailable)
Stlth    +++.......             (no amulet)
HPRegen  0.04/turn              (no ring)
MPRegen  0.10/turn              (no ring)

@: quick
A: very small, no armour, no weapons or thrown items, stealth, claws 1, fangs 3,
see invisible, carnivore, speed 1, shaggy fur 1, slow metabolism 1, sharp paws
a: no special abilities


You were on level 1 of the Dungeon.
You were not hungry.

You visited 1 branch of the dungeon, and saw 1 of its levels.

Inventory:

Comestibles
 e - a ration


   Skills:
 + Level 0.3 Fighting
 - Level 2.6 Dodging
 - Level 2.6 Stealth
 * Level 2.2 Spellcasting
 + Level 1.0 Conjurations
 * Level 2.9 Air Magic


You had 4 spell levels left.
You knew the following spells:

 Your Spells              Type           Power        Failure   Level  Hunger
a - Shock                 Conj/Air       #...         9%          1    #......

Your spell library contained the following spells:

 Spells                   Type           Power        Failure   Level  Hunger
 Swiftness                Chrm/Air       #.......     17%         2    ###....
 Static Discharge         Conj/Air       #.......     26%         3    ###....
 Airstrike                Air            ##........   52%         4    #####..
 Lightning Bolt           Conj/Air       #.........   94%         5    ######.


Dungeon Overview and Level Annotations

Branches:
Dungeon (1/15)

Altars:


Innate Abilities, Weirdness & Mutations

You cannot wear armour.
You are incapable of wielding weapons or throwing items.
Your paws allow you to move quietly. (Stealth)
You have sharp claws.
You have razor-sharp teeth.
You have supernaturally acute eyesight. (SInv)
You are carnivorous and can eat meat at any time.
You cover ground quickly.
You are covered in fur. (AC +1)
You have a slow metabolism.
Your sharp claws are effective at attacking unaware monsters.


Message History

The leopard gecko misses you.
A jackal comes into view.
The jackal barks!
The jackal closely misses you.
The jackal barks! x2
The leopard gecko barely misses you.
Aim: a leopard gecko (moderately wounded)
The zap hits the jackal. x2; The zap hits the leopard gecko.
Aim: a leopard gecko (severely wounded)
The zap hits the jackal.
You kill the jackal!
The zap misses the leopard gecko.
The jackal completely misses you. The jackal bites you.
The leopard gecko closely misses you.
Aim: a leopard gecko (severely wounded)
The zap hits the jackal.
The zap hits the leopard gecko.
You kill the leopard gecko!
You have reached level 2!
The jackal closely misses you.
You scratch the jackal but do no damage.
The jackal barely misses you. The jackal closely misses you.
You closely miss the jackal. The jackal barely misses you.
You barely miss the jackal. The jackal completely misses you.
You barely miss the jackal. You bite the jackal.
You kill the jackal!
You barely miss the jackal. The jackal misses you.
The jackal barely misses you.
You closely miss the jackal. The jackal misses you.
You closely miss the jackal. The jackal bites you.
The jackal closely misses you.
You closely miss the jackal. The jackal closely misses you.
You scratch the jackal. The jackal closely misses you.
You scratch the jackal but do no damage.
Your bite misses the jackal. The jackal bites you.
The jackal barely misses you.
You barely miss the jackal. The jackal closely misses you.
Aim: a jackal (heavily wounded)
The zap hits the jackal.
The jackal bites you.
* * * LOW HITPOINT WARNING * * *
The jackal completely misses you.
You scratch the jackal but do no damage.
Your bite misses the jackal. The jackal misses you.
You scratch the jackal but do no damage.
The jackal barely misses you.
You barely miss the jackal. The jackal bites you.
* * * LOW HITPOINT WARNING * * *
The jackal barely misses you.
You barely miss the jackal. The jackal misses you.
You closely miss the jackal. The jackal closely misses you.
The jackal bites you.
You die...

### ### .# #.###.# .#
#.....# ..# # ###.#.#.###
..# #. #.........# ...
#.###.#h#†#.#.#####.#####
#.......#.#..............
#.#.#.###@###.#.#.#.###.
#..^.†h<......#.#
#.#.#.###.###.#÷#.#
#.......#.#.......#
#.###.#.#.#h#.###.# %..
#..K÷)....# #.# ...
###.#.#.### #.# .....
#..[..# ... l#.. #.###.#
...


You could see a jackal.

Vanquished Creatures
  A leopard gecko (D:1)
  A hobgoblin (D:1)
  2 jackals (D:1)
  A bat (D:1)
  2 frilled lizards (D:1)
  A kobold (D:1)
  A rat (D:1)
9 creatures vanquished.

Notes
Turn   | Place    | Note
-------+----------+-------------------------------------------
     0 | D:1      | vurker the Felid Air Elementalist began the quest for the
                  | Orb.
     0 | D:1      | Reached XP level 1. HP: 7/7 MP: 4/4
   169 | D:1      | Reached skill level 1 in Conjurations
   254 | D:1      | Reached XP level 2. HP: 8/11 MP: 0/6
   272 | D:1      | Slain by a jackal

Levels and vault maps discovered:
D:1:      roderic_chinese_lattice_arrival, layout_basic

Skill      XL: |  1 |
---------------+----+-----
Conjurations   | 1 |  1.0
Fighting       | |  0.3
Dodging        | |  2.6
Stealth        | |  2.6
Spellcasting   | |  2.2
Air Magic      | |  2.9

Action                   || total
-------------------------++-------
Melee: Unarmed           ||    17
       Bite              ||     1
 Cast: Shock             ||    19
  Eat: Chunk             ||     1
Dodge: Dodged            ||    26

Table legend:
 A = Non-vault XP
 B = Vault XP
 C = Vault XP percentage of total XP
 D = Non-vault monster count
 E = Vault monster count
 F = Vault count percentage of total count
                 A         B        C        D         E       F
            +---------+---------+-------+---------+---------+-------
      Total |      14 |       0 |   0.0 |       9 |       0 |   0.0
            +---------+---------+-------+---------+---------+-------
        D:1 |      14 |       0 |   0.0 |       9 |       0 |   0.0
            +---------+---------+-------+---------+---------+-------
